 Dungeon Crawl Stone Soup version 0.25.0-11-g1f837a76a1 (console) character file.

Game seed: 3341652211549348466

42 bli the Magician (level 3, 0/19 HPs)
             Began as a Tengu Wanderer on June 25, 2020.
             Slain by a hound (5 damage)
             ... on level 2 of the Dungeon.
             The game lasted 00:07:01 (1779 turns).

bli the Magician (Tengu Wanderer)                   Turns: 1779, Time: 00:07:02

Health: 0/19       AC:  4    Str: 12    XL:     3   Next: 54%
Magic:  8/9        EV: 11    Int: 12    God:
Gold:   56         SH:  0    Dex: 14    Spells: 8/9 levels left

rFire    . . .     SeeInvis .   a - +0 dagger
rCold    + . .     Gourm    .   (no shield)
rNeg     . . .     Faith    .   l - +1 leather armour {rC+}
rPois    .         Spirit   .   (helmet restricted)
rElec    .         Reflect  .   (no cloak)
rCorr    .         Harm     .   (no gloves)
MR       .....                  (boots unavailable)
Stlth    ++........             (no amulet)
HPRegen  0.06/turn              (no ring)
MPRegen  0.11/turn              (no ring)

@: no status effects
A: beak, talons 3
a: no special abilities


You were on level 2 of the Dungeon.
You were not hungry.

You visited 1 branch of the dungeon, and saw 2 of its levels.

You collected 56 gold pieces.

Inventory:

Hand Weapons
 a - a +0 dagger (weapon)
Missiles
 o - 8 poisoned darts (quivered)
Armour
 b - a cursed -1 buckler
 d - a +0 robe
 l - a +1 leather armour of cold resistance (worn)
Scrolls
 e - a scroll of immolation {unknown}
 i - 2 scrolls of teleportation {unknown}
 j - a scroll of enchant weapon {unknown}
 k - 4 scrolls of identify {unknown}
 n - 2 scrolls of magic mapping {unknown}
Potions
 c - a potion of lignification
 g - a potion of heal wounds {unknown}
 m - a potion of degeneration {unknown}
 p - a potion of haste {unknown}
 q - a potion of flight {unknown}
Comestibles
 f - 2 rations
 h - 4 chunks of flesh


   Skills:
 + Level 0.2 Fighting
 + Level 0.9 Short Blades
 - Level 1.0 Throwing
 + Level 0.1 Armour
 + Level 1.3 Dodging
 - Level 2.0 Stealth
 + Level 3.7 Spellcasting
 + Level 0.4 Conjurations
   Level 1.3 Hexes
 + Level 1.0 Fire Magic
   Level 1.0 Evocations


You had 8 spell levels left.
You knew the following spells:

 Your Spells              Type           Power        Failure   Level  Hunger
a - Foxfire               Conj/Fire      #...         22%         1    #......

Your spell library contained the following spells:

 Spells                   Type           Power        Failure   Level  Hunger
 Magic Dart               Conj           #...         24%         1    #......
 Slow                     Hex            #.......     24%         2    ##.....
 Blink                    Tloc           N/A          41%         2    ##.....
 Call Imp                 Summ           #.......     41%         2    ##.....
 Conjure Flame            Conj/Fire      #.......     54%         3    ###....
 Ignite Poison            Fire/Tmut/Pois #.......     58%         3    ###....
 Mephitic Cloud           Conj/Pois/Air  #.......     63%         3    ###....


Dungeon Overview and Level Annotations

Branches:
Dungeon (2/15)

Altars:
Nemelex Xobeh


Innate Abilities, Weirdness & Mutations

You have a beak for a mouth.
You have claws for feet.


Message History

The hound misses you. The hound barely misses you.
You hit the hound but do no damage. You peck the hound, but do no damage.
The hound bites you but does no damage.
You hit the hound.
The hound is lightly wounded.
The hound bites you. The hound bites you but does no damage.
You hit the hound but do no damage.
The hound is lightly wounded.
The hound bites you.
You hit the hound. Your kick misses the hound.
The hound is moderately wounded.
The hound bites you.
* * * LOW HITPOINT WARNING * * *
The hound closely misses you.
You barely miss the hound. You claw the hound, but do no damage.
You peck the hound, but do no damage.
The hound is moderately wounded.
The hound barely misses you.
Casting: Foxfire (safe; 22% risk of failure)
Confirm with . or Enter, or press ? or * to list all spells.
You conjure some foxfire!
The hound bites you.
You die...

#..#....#..#..#.....
#.<#.##.#...⌠.⌠.##..
#..........)._.....<
#.>.........⌠.⌠...#.
.####.÷..##.#[.#..###.#.
........[.##.#.....# #.#.
..######.............#.#.
#. #.###.####.##.#.#.
#.###.#...............
#.[.v.h...........##..
#....@#....########
#....v##.#.# ########.#.#
#.#.. #.#### ..# ##


You could see a hound.

Vanquished Creatures
  An adder (D:2)
  An ooze (D:1)
  A dart slug (D:1)
  5 bats (D:1)
  3 goblins
  2 hobgoblins
  3 jackals (D:1)
  2 kobolds (D:1)
  A ball python (D:2)
  3 frilled lizards
  5 rats
27 creatures vanquished.

Vanquished Creatures (others)
  18 foxfires
18 creatures vanquished.

Grand Total: 45 creatures vanquished

Notes
Turn   | Place    | Note
-------+----------+-------------------------------------------
     0 | D:1      | bli the Tengu Wanderer began the quest for the Orb.
     0 | D:1      | bli set off with the following items: a +0 dagger, a potion
                  | of lignification, a +0 robe, a ration; and the following
                  | spells available to memorise: Slow, Foxfire, Magic Dart,
                  | Blink, Call Imp, Conjure Flame, Ignite Poison, Mephitic
                  | Cloud
     0 | D:1      | Reached XP level 1. HP: 10/10 MP: 5/5
     2 | D:1      | Learned a level 1 spell: Foxfire
   335 | D:1      | Reached XP level 2. HP: 6/15 MP: 5/7
  1028 | D:1      | Reached XP level 3. HP: 18/19 MP: 9/9
  1446 | D:2      | Found a sparkling altar of Nemelex Xobeh.
  1490 | D:2      | Reached skill level 1 in Fire Magic
  1779 | D:2      | Slain by a hound

Illustrated notes

Levels and vault maps discovered:
D:1:      lemuel_arrival_behind_the_door_small, layout_basic
D:2:      layout_basic, nemelex_xobeh_ov_fountains_minmay, uniq_sigmund

Skill      XL: |  1  2  3 |
---------------+----------+-----
Fire Magic     | 1 |  1.0
Fighting       | |  0.2
Short Blades   | |  0.9
Throwing       | |  1.0
Armour         | |  0.1
Dodging        | |  1.3
Stealth        | |  2.0
Spellcasting   | |  3.7
Conjurations   | |  0.4
Hexes          | |  1.3
Evocations     | |  1.0

Action                   || total
-------------------------++-------
Melee: Dagger            ||    70
       Kick              ||    14
       Peck              ||     8
 Cast: Foxfire           ||    11
 Stab: Sleeping          ||     5
  Eat: Chunk             ||     3
Armor: Robe              ||     1
       Leather armour    ||    19
Dodge: Dodged            ||    48
